 Dungeon Crawl Stone Soup version 0.31-a0-210-gccc998df9b (webtiles) character file.

Game seed: 6696988175582219759

19 NogeeEf the Digger (level 2, 0/15 HPs)
             Began as a Gargoyle Earth Elementalist on June 30, 2023.
             Slain by a jackal (2 damage)
             ... on level 1 of the Dungeon.
             The game lasted 00:03:05 (421 turns).

NogeeEf the Digger (Gargoyle Earth Elementalist)     Turns: 421, Time: 00:03:06

Health: 0/15       AC:  4    Str: 11    XL:     2   Next: 75%
Magic:  1/5        EV: 12    Int: 15    God:
Gold:   48         SH:  0    Dex: 10    Spells: 4/5 levels left

rFire   . . .        e - +0 dagger
rCold   . . .        (no shield)
rNeg    + . .        a - +0 robe
rPois   ∞            (no helmet)
rElec   +            (no cloak)
rCorr   .            (no gloves)
SInv    .            (no boots)
Will    .....        (no amulet)
Stlth   ++           (no ring)
HPRegen 0.22/turn    (no ring)
MPRegen 0.09/turn

%: no passive effects
@: no status effects
A: sickness immunity, AC +2, negative energy resistance 1, electricity
resistance, torment resistance 1, petrification resistance
a: no special abilities


You were on level 1 of the Dungeon.
You visited 1 branch of the dungeon, and saw 1 of its levels.

You collected 48 gold pieces.

Inventory:

Hand Weapons
 e - a +0 dagger (weapon)
 f - a +0 short sword
Missiles
 c - 18 stones
Armour
 a - a +0 robe (worn)
Jewellery
 d - a ring of wizardry
Potions
 b - a potion of magic
 g - a potion of curing {unknown}


   Skills:
 + Level 0.2 Short Blades
 + Level 1.8 Dodging
 + Level 2.6 Stealth
 + Level 2.2 Spellcasting
 + Level 1.0 Transmutations
 + Level 3.8 Earth Magic


You had 4 spell levels left.
You knew the following spells:

 Your Spells              Type           Power      Damage    Failure   Level
a - Sandblast             Erth           26%        2d8       4%          1

Your spell library contained the following spells:

 Spells                   Type           Power      Damage    Failure   Level
 Passwall                 Tmut/Erth      7%         N/A       12%         2
 Stone Arrow              Conj/Erth      14%        3d7       30%         3
 Call Canine Familiar     Summ           1%         N/A       54%         3
 Portal Projectile        Hex/Tloc       2%         N/A       54%         3
 Tukima's Dance           Hex            1%         N/A       54%         3
 Petrify                  Tmut/Erth      9%         N/A       61%         4
 Leda's Liquefaction      Hex/Erth       3%         N/A       69%         4
 Passage of Golubria      Tloc           1%         N/A       91%         4
 Yara's Violent Unravell  Hex/Tmut       1%         3d3       99%         5


Dungeon Overview and Level Annotations

Branches:
Dungeon (1/15)

Altars:


Innate Abilities, Weirdness & Mutations

You are immune to sickness and miasma.
Your stone body is resilient. (AC +2)
You are immune to poison.
You resist negative energy. (rN+)
You are resistant to electric shocks. (rElec)
You are resistant to unholy torment.
You are immune to petrification.


Message History

The jackal barks!
The jackal misses you. x2
You hit the jackal.
The jackal is almost dead.
You hit the jackal but do no damage. The jackal bites you. x2
You hit the jackal but do no damage.
The jackal is almost dead.
The jackal bites you but does no damage.
The jackal barely misses you.
The blast of sand hits the jackal.
You kill the jackal!
The jackal bites you. x2; The jackal misses you.
The jackal completely misses you.
You closely miss the jackal. The jackal closely misses you.
The jackal barely misses you. The jackal closely misses you.
The jackal bites you but does no damage.
You hit the jackal but do no damage. The jackal closely misses you.
The jackal bites you but does no damage.
You are too injured to fight recklessly!
You are too injured to fight recklessly!
You barely miss the jackal. The jackal barely misses you.
The jackal bites you but does no damage.
The jackal barely misses you. The jackal misses you.
You hit the jackal but do no damage.
The jackal bites you but does no damage.
The jackal misses you.
The blast of sand hits the jackal!
You kill the jackal!
The jackal bites you. The jackal barely misses you.
You are too injured to fight recklessly!
You barely miss the jackal. The jackal barely misses you.
You barely miss the jackal. Your punch misses the jackal.
The jackal barely misses you. The jackal bites you.
* * * LOW HITPOINT WARNING * * *
You hit the jackal but do no damage. The jackal bites you.
* * * LOW HITPOINT WARNING * * *
You hit the jackal.
The jackal is severely wounded.
The jackal barely misses you. The jackal bites you.
You die...

###########
#.........#
#.........#
#.........#
#########..@h.....#
#...........†......
#.........#####....
#.........# ...
#.........# .
#.........#
#.........#
#.........#
###)..##.##


You could see a jackal.

Vanquished Creatures
  An endoplasm (D:1)
  A goblin (D:1)
  A hobgoblin (D:1)
  3 jackals (D:1)
  5 kobolds (D:1)
  2 quokkas (D:1)
  2 ball pythons (D:1)
  A frilled lizard (D:1)
16 creatures vanquished.

Notes
Turn   | Place    | Note
-------+----------+-------------------------------------------
     0 | D:1      | NogeeEf the Gargoyle Earth Elementalist began the quest for
                  | the Orb.
     0 | D:1      | Reached XP level 1. HP: 10/10 MP: 3/3
   214 | D:1      | Reached skill level 1 in Transmutations
   214 | D:1      | Reached XP level 2. HP: 15/15 MP: 3/5
   421 | D:1      | Slain by a jackal

Illustrated notes

Levels and vault maps discovered:
D:1:      dpeg_arrival_three_same_balls, layout_basic

Skill      XL: |  1 |
---------------+----+-----
Transmutations | 1 |  1.0
Short Blades   | |  0.2
Dodging        | |  1.8
Stealth        | |  2.6
Spellcasting   | |  2.2
Earth Magic    | |  3.8

Action                     || total
---------------------------++-------
  Melee: Unarmed           ||     7
         Dagger            ||    23
   Cast: Sandblast         ||    22
   Stab: Sleeping          ||     1
 Armour: Robe              ||    13
  Dodge: Dodged            ||    40

Table legend: (Time is in decaauts)
 A = Elapsed time spent in this place.
 B = Non-inter-level travel time spent in this place.
 C = Inter-level travel time spent in this place.
 D = Time resting spent in this place.
 E = Time spent auto-exploring this place.
 F = Levels seen in this place.
 G = Mean time per level.
                   A        B        C        D        E       F      G
               +--------+--------+--------+--------+--------+-----+--------+
         Total |    431 |    431 |      0 |     63 |    208 |   1 |  431.0 |
       Dungeon |    431 |    431 |      0 |     63 |    208 |   1 |  431.0 |
               +--------+--------+--------+--------+--------+-----+--------+

Top non-repeatable levels by time:
     D:1: 431 daAuts
